 Dungeon Crawl Stone Soup version 0.15.0-31-geb66e34 (webtiles) character file.

554 Rhoefr the Ruinous (level 7, -3/50 HPs)
             Began as a Pale Draconian Wizard on Sept 13, 2014.
             Slain by Edmund
             ... wielding a +2 flail of draining
              (15 damage)
             ... on Level 5 of the Dungeon on Sept 14, 2014.
             The game lasted 00:45:07 (7310 turns).

Rhoefr the Ruinous (Pale Draconian Wizard)          Turns: 7310, Time: 00:45:08

HP  -3/50        AC  7     Str  9      XL: 7   Next:  8%
MP   3/15        EV 11     Int 20      God:
Gold 209         SH  0     Dex 10      Spells:  5 memorised,  3 levels left

rFire  . . .     SeeInvis .     e - +0 club
rCold  . . .     Clarity  .     (armour unavailable)
rNeg   . . .     rCorr    .     (no shield)
rPois  .         rRot     .     b - +1 hat
rElec  .         Spirit   .     (no cloak)
SustAb .         Warding  .     (no gloves)
rMut   .         Stasis   .     (no boots)
Gourm  +                        s - amulet of the gourmand
MR     .....                    (no ring)
                                k - cursed ring of loudness

@: lethally poisoned, heavily drained, not resistant to hostile enchantments,
extremely unstealthy
A: breathe steam, unfitting armour, cold-blooded, AC +6
a: Breathe Steam


You were on level 5 of the Dungeon.
You were not hungry.

You visited 1 branch of the dungeon, and saw 5 of its levels.

You collected 209 gold pieces.

Inventory:

Hand weapons
 e - a +0 club (weapon)
Missiles
 l - 21 arrows of dispersal (quivered)
Armour
 b - a +1 hat (worn)
Magical devices
 j - a wand of polymorph (13) {unknown}
 t - a wand of disintegration (17)
Comestibles
 d - 4 bread rations
 r - 3 meat rations
Scrolls
 f - a scroll of fear
 m - 2 scrolls of teleportation
 u - a scroll of noise {unknown}
Jewellery
 k - a cursed ring of loudness (left hand)
 s - an amulet of the gourmand (around neck)
Potions
 a - a potion of resistance
 g - 2 potions of mutation
 h - a potion of brilliance {unknown}
 i - 2 potions of heal wounds
 n - 2 potions of might {unknown}
 o - a potion of cure mutation
 p - 3 potions of curing {unknown}
 q - a potion of restore abilities {unknown}
Books
 c - a book of Minor Magic

   Spells                             Type                      Level
   *Magic Dart                        Conjuration                  1
   *Blink                             Translocation                2
   *Call Imp                          Summoning                    2
   *Repel Missiles                    Charms/Air                   2
   Slow                               Hexes                        2
   Conjure Flame                      Conjuration/Fire             3
   *Mephitic Cloud                    Conjuration/Poison/Air       3


   Skills:
 - Level 2.0(0.2) Dodging
 - Level 1.7(0.0) Stealth
 - Level 3.5(1.6) Spellcasting
 + Level 5.9(3.9) Conjurations
 - Level 2.2(0.5) Summonings
 - Level 1.0(0.0) Translocations
 - Level 2.3(0.5) Air Magic
 - Level 2.0(0.2) Poison Magic


You had 3 spell levels left.
You knew the following spells:

 Your Spells              Type           Power        Failure   Level  Hunger
a - Magic Dart            Conj           ###.         3%          1    #......
b - Call Imp              Summ           #.......     24%         2    ###....
c - Blink                 Tloc           N/A          30%         2    ###....
m - Mephitic Cloud        Conj/Pois/Air  #.......     24%         3    ####...
r - Repel Missiles        Chrm/Air       #.....       24%         2    ###....


Dungeon Overview and Level Annotations

Branches:
Dungeon (5/15)
 Temple: D:4-7

Altars:

Annotations:
D:2 Jessica
D:4 TZer0's ghost, experienced CeVM
D:5 Edmund; bronies4ever's ghost, average OpWz


Innate Abilities, Weirdness & Mutations

You can breathe blasts of scalding steam.
Your pale cyan-grey scales are hard (AC +6).
Your body does not fit into most forms of armour.
Your cold-blooded metabolism reacts poorly to cold.


Message History

Casting: Mephitic Cloud
Confirm with . or Enter, or press ? or * to list all spells.
Aiming: Magic Dart
Press: ? - help, Shift-Dir - straight line, f - kobold
Aim: a kobold, wielding a dagger (heavily wounded, bewildered and confused)
The magic dart hits the kobold.
You kill the kobold!
Your surroundings suddenly seem different.
You feel sick.
Found a long sword.
Casting: Magic Dart
Confirm with . or Enter, or press ? or * to list all spells.
Aiming: Mephitic Cloud
Press: ? - help, Shift-Dir - straight line The beam explodes into a vile cloud!
The stinking cloud engulfs Edmund.
Edmund is moderately wounded.
You feel sick. Edmund barely misses you.
Unknown command.
Edmund hits you with a flail of draining!
You die...

.... .....
...... ##.
.......##
#....
........#
#...#
........#
#...#
........##
###...# #<.#
##@...#
##@#####§.@.##
##.....§.§.##
#..######...
##.## ##...
##.## .....
##..# ......
####..####
....)..
.........#
##.....
.........##
...


You could see Edmund.

Vanquished Creatures
  A sky beast (D:3)
  A scorpion (D:4)
  A hound (D:4)
  2 iguanas
  Natasha (thrice) (D:3)
  2 orc wizards (D:4)
  7 adders
  3 worms
  An iguana skeleton (D:4)
  2 oozes
  3 orcs (D:4)
  6 bats
  3 giant cockroaches
  6 hobgoblins
  8 jackals
  3 quokkas
  A ball python (D:1)
  11 giant newts
  9 goblins
  7 kobolds
  12 rats
  A rat zombie (D:5)
93 creatures vanquished.

Vanquished Creatures (collateral kills)
  A phantom (D:4)
  An iguana (D:4)
  2 adders
  4 worms
  2 goblins (D:4)
10 creatures vanquished.

Vanquished Creatures (others)
  A crimson imp (D:3)
  An orc wizard (D:4)
  2 shadow imps
  2 white imps
6 creatures vanquished.

Grand Total: 109 creatures vanquished

Notes
Turn   | Place    | Note
--------------------------------------------------------------
     0 | D:1      | Rhoefr, the Draconian Wizard, began the quest for the Orb.
     0 | D:1      | Reached XP level 1. HP: 14/14 MP: 4/4
   358 | D:1      | Reached XP level 2. HP: 18/20 MP: 3/6
   388 | D:1      | Learned a level 2 spell: Call Imp
   391 | D:1      | Learned a level 2 spell: Blink
   394 | D:1      | Learned a level 2 spell: Repel Missiles
  1369 | D:1      | Reached XP level 3. HP: 26/26 MP: 2/8
  1980 | D:2      | Noticed Jessica
  2398 | D:2      | Reached XP level 4. HP: 33/33 MP: 2/10
  2852 | D:2      | Learned a level 3 spell: Mephitic Cloud
  3074 | D:3      | Noticed Natasha
  3080 | D:3      | Killed Natasha
  3493 | D:3      | Noticed a sky beast
  3507 | D:3      | Noticed Natasha
  3517 | D:3      | Killed Natasha
  3517 | D:3      | Reached skill level 1 in Air Magic
  3517 | D:3      | Reached XP level 5. HP: 33/38 MP: 0/11
  3535 | D:3      | Reached skill level 1 in Poison Magic
  3908 | D:3      | Killed a sky beast
  4135 | D:3      | Noticed Natasha
  4136 | D:3      | Killed Natasha
  4626 | D:4      | Reached skill level 4 in Conjurations
  4626 | D:4      | Reached XP level 6. HP: 45/45 MP: 0/13
  4738 | D:4      | Noticed TZer0's ghost (experienced CeVM)
  4986 | D:3      | HP: 2/45 [poisoned by TZer0's ghost (sting)]
  5824 | D:4      | Reached skill level 5 in Conjurations
  6349 | D:4      | Noticed a phantom
  6371 | D:4      | Killed a phantom
  6371 | D:4      | Your scales start fading to a pale cyan-grey colour.
  6371 | D:4      | Reached XP level 7. HP: 50/50 MP: 5/15
  7018 | D:5      | Entered Level 5 of the Dungeon
  7038 | D:5      | Noticed Edmund
  7306 | D:5      | Noticed bronies4ever's ghost (average OpWz)
  7310 | D:5      | Slain by Edmund

Action                   |  1- 3 |  4- 6 |  7- 9 || total
-------------------------+-------+-------+-------++-------
Melee: Unarmed           |    15 |       |       ||    15
       Club              |    28 |    45 |    16 ||    89
 Cast: Magic Dart        |    88 |   148 |    34 ||   270
       Call Imp          |     5 |    24 |     4 ||    33
       Repel Missiles    |     1 |     1 |       ||     2
       Mephitic Cloud    |       |    12 |     5 ||    17
 Abil: Breathe Steam     |       |       |     1 ||     1
Evoke: Wand              |       |     1 |       ||     1
  Use: Scroll            |     7 |     3 |     1 ||    11
 Stab: Confused          |       |     1 |       ||     1
  Eat: Chunk             |     3 |    18 |     2 ||    23
       Royal jelly       |     1 |       |       ||     1
